Kings vs Bruins

Created - Saturday, January 31, 2015 at 22:51

Goals
1 2 3 T
Kings 1 0 0 1
Bruins 1 0 1 2
Shots
1 2 3 T
Kings 9 6 11 26
Bruins 14 7 10 31

1st period

1. Kings , Mika Zibanejad 5 (Tyler Seguin, Milan Lucic) at 0:18
2. Bruins , Anze Kopitar 26 (Jonas Brodin, Marian Hossa) at 7:51

Penalties :
Shea Weber (Bos) for Slashing (Minor) at 11:15, Radko Gudas (Bos) for Diving (Minor) at 11:41, Brenden Dillon (Bos) for Cross-checking (Minor) at 16:52

2nd period

No Goal

Penalties :
No Penalty

3rd period

3. Bruins , Anze Kopitar 27 (Marian Hossa) at 0:08

Penalties :
Jonathan Quick (Bos) for Slashing (Minor) at 8:57 - Radko Gudas served the penalty, Ryan Johansen (LA ) for Slashing (Minor) at 12:26, Jesse Winchester (Bos) for Roughing (Minor) at 18:14

Goalie Stats

Tuukka Rask (LA ), 29 saves from 31 shots - (0.935), L, 29-14-1, 59:09 minutes
Jonathan Quick (Bos), 25 saves from 26 shots - (0.962), W, 31-7-3, 60:00 minutes

Players Stats for Kings

Player Name              G  A  P  +/- PIM S  H  SB GA TA FO     MP     PP MP  PK MP  
------------------------------------------------------------------------------------
Adam McQuaid             0  0  0   0  0   1  0  0  0  1  0/0     6:42   0:00   1:12 
Brandon McMillan         0  0  0   0  0   0  1  1  0  1  0/1    15:00   0:00   0:00 
Brenden Morrow           0  0  0   0  0   1  2  0  1  0  0/1    15:38   0:00   0:00 
Cam Fowler               0  0  0   0  0   0  0  1  0  3  0/0    18:02   3:11   0:47 
Carl Soderberg           0  0  0   0  0   6  1  0  3  0  0/1    19:24   4:32   0:00 
Duncan Keith             0  0  0   0  0   1  2  1  2  1  0/0    24:59   4:57   0:47 
Henrik Tallinder         0  0  0   0  0   0  0  0  0  1  0/0    14:26   0:00   0:00 
John Erskine             0  0  0   0  0   0  2  2  0  2  0/0    14:26   0:00   0:00 
Keith Yandle             0  0  0  -1  0   2  1  3  1  3  0/0    20:50   4:57   0:00 
Ladislav Smid            0  0  0  -1  0   5  0  0  0  3  0/0    20:35   3:11   1:12 
Matt Cullen              0  0  0   0  0   1  2  0  3  0  9/13   17:12   0:00   1:39 
Mika Zibanejad           1  0  1   0  0   1  1  0  3  0  0/0    15:29   3:36   0:00 
Milan Lucic              0  1  1   0  0   3  6  0  3  0  0/1    17:29   3:36   1:59 
Ryan Johansen            0  0  0   0  2   3  3  0  5  0  5/8    19:24   4:32   0:00 
Ryan Malone              0  0  0  -1  0   0  0  0  1  0  0/1     8:27   0:00   0:20 
Tomas Kopecky            0  0  0   0  0   2  0  0  0  0  0/0    19:24   4:32   0:00 
Tyler Seguin             0  1  1  -1  0   0  2  1  2  0  10/15  22:26   3:36   0:00 
Vladislav Namestnikov    0  0  0  -1  0   0  1  0  0  0  5/5     8:07   0:00   0:00 

Players Stats for Bruins

Player Name              G  A  P  +/- PIM S  H  SB GA TA FO     MP     PP MP  PK MP  
------------------------------------------------------------------------------------
Andre Benoit             0  0  0   0  0   1  0  1  0  0  0/0    11:43   0:00   0:00 
Anze Kopitar             2  0  2   1  0   5  2  0  2  0  6/17   18:37   1:21   0:00 
Brenden Dillon           0  0  0   1  2   2  0  1  1  3  0/0    19:34   0:00   3:21 
Jeff Petry               0  0  0   0  0   1  1  1  0  4  0/0    21:19   0:00   2:53 
Jesse Winchester         0  0  0   0  2   0  0  0  0  0  1/4     7:16   0:00   0:43 
Jonas Brodin             0  1  1   1  0   1  0  2  0  0  0/0    21:22   0:00   5:15 
Marian Hossa             0  2  2   1  0   1  0  2  1  0  0/1    17:53   0:38   0:00 
Matt Duchene             0  0  0   1  0   1  0  0  5  0  0/1    18:37   1:21   0:00 
Nick Holden              0  0  0   0  0   0  0  0  0  1  0/0     6:35   1:59   0:59 
Paul Stastny             0  0  0   0  0   2  1  0  1  0  1/4    18:33   0:38   1:54 
Radko Gudas              0  0  0   0  2   0  2  2  0  1  0/0    18:21   0:00   1:57 
Ryan O'Reilly            0  0  0   0  0   5  0  0  5  0  1/1    17:05   1:21   0:28 
Ryan Smyth               0  0  0   0  0   5  0  0  1  1  0/1    10:51   0:00   0:49 
Shea Weber               0  0  0   0  2   2  4  3  0  2  0/0    21:55   1:59   1:56 
T.J. Oshie               0  0  0   0  0   2  0  0  4  0  0/0    15:53   0:38   0:00 
Tommy Wingels            0  0  0   0  0   0  2  2  1  1  0/0    20:59   0:00   4:16 
Valeri Nichushkin        0  0  0   0  0   2  0  1  0  1  0/0     7:00   0:00   0:00 
Zemgus Girgensons        0  0  0   0  0   1  0  0  3  1  8/17   16:42   0:00   6:27 

3 Stars

1 - Anze Kopitar (Bos)
2 - Jonathan Quick (Bos)
3 - Marian Hossa (Bos)

Power Play

Kings - 0 on 5 Attempt(s) - 0.00%
Bruins - 0 on 1 Attempt(s) - 0.00%

Penalty Kill

Kings - 1 on 1 Attempt(s) - 100.00% - Score 0 goal in Penalty Kill
Bruins - 5 on 5 Attempt(s) - 100.00% - Score 0 goal in Penalty Kill

Team Stat

Kings - Hits : 24 - Faceoff Wins : 29 - Blocked Shots : 9 - Penalty Minutes : 2
Bruins - Hits : 12 - Faceoff Wins : 17 - Blocked Shots : 15 - Penalty Minutes : 8

Official

Referees : Unknown
Linesman : Unknown

Game Notes

No Game Note

Finance

Level 1 -- Attendance: 5644 (94.07%) -- Ticket Income $451,520
Level 2 -- Attendance: 4602 (92.04%) -- Ticket Income $243,906
Level 3 -- Attendance: 2000 (100.00%) -- Ticket Income $56,000
Level 4 -- Attendance: 3921 (98.03%) -- Ticket Income $66,657
Luxury Box -- Attendance: 1000 (100.00%) -- Ticket Income $176,000
Game was played at the TD Banknorth Garden'
Total Attendance: 17167 (95.37%)
Total Ticket Income: $994,083
Other Income: $487,101
Total Income: $1,481,184

Kings

5 vs 5 Forward 
   Center                   Left Wing                Right Wing               Time % Phy DF OF 
 1 Tyler Seguin             Milan Lucic              Mika Zibanejad           35     1   2  2  
 2 Ryan Johansen            Tomas Kopecky            Carl Soderberg           30     1   2  2  
 3 Matt Cullen              Brenden Morrow           Brandon McMillan         22     1   2  2  
 4 Vladislav Namestnikov    Ryan Malone              Tyler Seguin             13     1   2  2  

5 vs 5 Defense 
   Defense                  Defense                                           Time % Phy DF OF 
 1 Duncan Keith             Cam Fowler                                        35     1   2  2  
 2 Ladislav Smid            Keith Yandle                                      30     1   2  2  
 3 John Erskine             Henrik Tallinder                                  22     1   2  2  
 4 Adam McQuaid             Duncan Keith                                      13     1   2  2  

PowerPlay Forward 
   Center                   Left Wing                Right Wing               Time % Phy DF OF 
 1 Tyler Seguin             Milan Lucic              Mika Zibanejad           60     1   2  2  
 2 Ryan Johansen            Tomas Kopecky            Carl Soderberg           40     1   2  2  

PowerPlay Defense
   Defense                  Defense                                           Time % Phy DF OF 
 1 Duncan Keith             Keith Yandle                                      60     1   2  2  
 2 Ladislav Smid            Cam Fowler                                        40     1   2  2  

Penalty Kill 4 Players Forward 
   Center                   Wing                     Time % Phy DF OF 
 1 Matt Cullen              Milan Lucic              60     1   2  2  
 2 Tyler Seguin             Carl Soderberg           40     1   2  2  

Penalty Kill 4 Players Defense
   Defense                  Defense                  Time % Phy DF OF 
 1 Duncan Keith             Cam Fowler               60     1   2  2  
 2 Ladislav Smid            Adam McQuaid             40     1   2  2  

Penalty Kill - 3 Players Forward 
   Forward                                           Time % Phy DF OF 
 1 Tyler Seguin                                      60     1   2  2  
 2 Ryan Johansen                                     40     1   2  2  

Penalty Kill - 3 Players Defense
   Defense                  Defense                  Time % Phy DF OF 
 1 Duncan Keith             Cam Fowler               60     1   2  2  
 2 Ladislav Smid            Keith Yandle             40     1   2  2  

4 vs 4 Forward 
   Center                   Wing                     Time % Phy DF OF 
 1 Tyler Seguin             Ryan Johansen            60     1   2  2  
 2 Milan Lucic              Mika Zibanejad           40     1   2  2  

4 vs 4 Defense
   Defense                  Defense                  Time % Phy DF OF 
 1 Duncan Keith             Cam Fowler               60     1   2  2  
 2 Ladislav Smid            Keith Yandle             40     1   2  2  

Last Minutes Offensive
   Center                   Left Wing                Right Wing               Defense                  Defense                  
   Tyler Seguin             Milan Lucic              Mika Zibanejad           Duncan Keith             Cam Fowler               

Last Minutes Defensive
   Center                   Left Wing                Right Wing               Defense                  Defense                  
   Tyler Seguin             Milan Lucic              Mika Zibanejad           Duncan Keith             Cam Fowler               

Goaltenders
Starting : Tuukka Rask              
Backup : Jonas Gustavsson         

Extra Forwards
Normal : Matt Cullen, Brenden Morrow, Ryan Malone - PP : Matt Cullen, Brenden Morrow - PK : Ryan Malone
Extra Defensemen
Normal : John Erskine, Henrik Tallinder, Adam McQuaid - PP : John Erskine - PK : Henrik Tallinder, Adam McQuaid
Penalty Shots
Tyler Seguin, Ryan Johansen, Milan Lucic, Mika Zibanejad, Tomas Kopecky

Bruins

5 vs 5 Forward 
   Center                   Left Wing                Right Wing               Time % Phy DF OF 
 1 Anze Kopitar             Matt Duchene             Marian Hossa             40     1   2  2  
 2 Paul Stastny             Ryan O'Reilly            T.J. Oshie               30     1   2  2  
 3 Zemgus Girgensons        Ryan Smyth               Tommy Wingels            20     1   2  2  
 4 Jesse Winchester         Valeri Nichushkin        Tommy Wingels            10     2   2  1  

5 vs 5 Defense 
   Defense                  Defense                                           Time % Phy DF OF 
 1 Shea Weber               Jeff Petry                                        40     1   2  2  
 2 Brenden Dillon           Jonas Brodin                                      35     1   2  2  
 3 Radko Gudas              Andre Benoit                                      20     1   2  2  
 4 Radko Gudas              Nick Holden                                       5      1   2  2  

PowerPlay Forward 
   Center                   Left Wing                Right Wing               Time % Phy DF OF 
 1 Anze Kopitar             Matt Duchene             Ryan O'Reilly            60     1   0  4  
 2 Paul Stastny             T.J. Oshie               Marian Hossa             40     1   0  4  

PowerPlay Defense
   Defense                  Defense                                           Time % Phy DF OF 
 1 Shea Weber               Nick Holden                                       60     1   1  3  
 2 Shea Weber               Matt Duchene                                      40     1   1  3  

Penalty Kill 4 Players Forward 
   Center                   Wing                     Time % Phy DF OF 
 1 Zemgus Girgensons        Tommy Wingels            60     1   3  1  
 2 Jesse Winchester         Ryan Smyth               40     1   3  1  

Penalty Kill 4 Players Defense
   Defense                  Defense                  Time % Phy DF OF 
 1 Brenden Dillon           Jonas Brodin             50     1   3  1  
 2 Jeff Petry               Radko Gudas              50     1   3  1  

Penalty Kill - 3 Players Forward 
   Forward                                           Time % Phy DF OF 
 1 Zemgus Girgensons                                 60     1   4  0  
 2 Jesse Winchester                                  40     1   4  0  

Penalty Kill - 3 Players Defense
   Defense                  Defense                  Time % Phy DF OF 
 1 Jonas Brodin             Brenden Dillon           55     1   4  0  
 2 Jeff Petry               Radko Gudas              45     1   4  0  

4 vs 4 Forward 
   Center                   Wing                     Time % Phy DF OF 
 1 Anze Kopitar             Marian Hossa             60     1   1  3  
 2 Paul Stastny             Matt Duchene             40     1   2  2  

4 vs 4 Defense
   Defense                  Defense                  Time % Phy DF OF 
 1 Shea Weber               Jeff Petry               60     1   2  2  
 2 Brenden Dillon           Jonas Brodin             40     1   2  2  

Last Minutes Offensive
   Center                   Left Wing                Right Wing               Defense                  Defense                  
   Anze Kopitar             Matt Duchene             Marian Hossa             Shea Weber               Nick Holden              

Last Minutes Defensive
   Center                   Left Wing                Right Wing               Defense                  Defense                  
   Anze Kopitar             Ryan O'Reilly            Marian Hossa             Shea Weber               Jeff Petry               

Goaltenders
Starting : Jonathan Quick           
Backup : Peter Budaj              

Extra Forwards
Normal : Valeri Nichushkin, Tommy Wingels, Ryan Smyth - PP : Valeri Nichushkin, Tommy Wingels - PK : Paul Stastny
Extra Defensemen
Normal : Brenden Dillon, Radko Gudas, Shea Weber - PP : Radko Gudas - PK : Radko Gudas, Shea Weber
Penalty Shots
T.J. Oshie, Ryan O'Reilly, Anze Kopitar, Matt Duchene, Valeri Nichushkin

% Time on Ice - Kings

Lines # - Real PCT - Wanted PCT - Time Play
Normal Forward
1 - 24% - 35% - 11:54
2 - 30% - 30% - 14:52
3 - 30% - 22% - 15:00
4 - 16% - 13% - 8:07
Normal Defense
1 - 29% - 35% - 14:34
2 - 32% - 30% - 16:12
3 - 29% - 22% - 14:26
4 - 9% - 13% - 4:41
PP Forward
1 - 44% - 60% - 3:36
2 - 56% - 40% - 4:32
PP Defense
1 - 61% - 60% - 4:57
2 - 39% - 40% - 3:11
PK Forward
1 - 100% - 60% - 1:59
2 - 0% - 40% - 0:00
PK Defense
1 - 39% - 60% - 0:47
2 - 61% - 40% - 1:12
PK3 Forward
1 - 0% - 60%
2 - 0% - 40%
PK3 Defense
1 - 0% - 60%
2 - 0% - 40%
44 Forward
1 - 0% - 60%
2 - 0% - 40%
44 Defense
1 - 0% - 60%
2 - 0% - 40%
Last Minute Offensive  - 0:00
Last Minute Defensive  - 0:00
Total
Forward - 60:00
Defense - 60:00

% Time on Ice - Bruins

Lines # - Real PCT - Wanted PCT - Time Play
Normal Forward
1 - 36% - 40% - 18:02
2 - 31% - 30% - 15:15
3 - 20% - 20% - 10:02
4 - 13% - 10% - 6:34
Normal Defense
1 - 38% - 40% - 18:48
2 - 32% - 35% - 15:46
3 - 23% - 20% - 11:43
4 - 7% - 5% - 3:36
PP Forward
1 - 68% - 60% - 1:21
2 - 32% - 40% - 0:38
PP Defense
1 - 100% - 60% - 1:59
2 - 0% - 40% - 0:00
PK Forward
1 - 86% - 60% - 5:40
2 - 14% - 40% - 0:55
PK Defense
1 - 67% - 50% - 4:25
2 - 33% - 50% - 2:10
PK3 Forward
1 - 88% - 60% - 1:22
2 - 12% - 40% - 0:11
PK3 Defense
1 - 54% - 55% - 0:50
2 - 46% - 45% - 0:43
44 Forward
1 - 0% - 60%
2 - 0% - 40%
44 Defense
1 - 0% - 60%
2 - 0% - 40%
Last Minute Offensive  - 0:00
Last Minute Defensive  - 0:00
Total
Forward - 60:00
Defense - 60:00

Play by Play

1st period


0:01 of 1st period - Tyler Seguin wins face-off versus Anze Kopitar in neutral zone.
0:10 of 1st period - Slapshot by Matt Duchene.
0:10 of 1st period - Deflect By Anze Kopitar.
0:10 of 1st period - Stopped by Tuukka Rask without a rebound.
0:11 of 1st period - Tyler Seguin wins face-off versus Anze Kopitar in Kings zone.
0:16 of 1st period - Backhand shot by Tyler Seguin.
0:16 of 1st period - Shot Blocked by Shea Weber.
0:18 of 1st period - Wrist shot by Mika Zibanejad.
0:18 of 1st period - Goal by Mika Zibanejad - Kings : 1 - Bruins : 0.
0:19 of 1st period - Ryan O'Reilly wins face-off versus Ryan Johansen in neutral zone.
0:22 of 1st period - Jonas Brodin is hit by Keith Yandle.
1:54 of 1st period - Off-side.
1:55 of 1st period - Anze Kopitar wins face-off versus Tyler Seguin in neutral zone.
1:57 of 1st period - Off-side.
1:58 of 1st period - Tyler Seguin wins face-off versus Anze Kopitar in neutral zone.
2:01 of 1st period - Jeff Petry is hit by Tyler Seguin and loses puck.
3:06 of 1st period - Tomas Kopecky is hit by Paul Stastny and loses puck.
3:15 of 1st period - Ryan Johansen is hit by Shea Weber and loses puck.
3:40 of 1st period - Off-side.
3:41 of 1st period - Matt Cullen wins face-off versus Jesse Winchester in neutral zone.
3:44 of 1st period - Slapshot by Duncan Keith.
3:44 of 1st period - Stopped by Jonathan Quick without a rebound.
3:45 of 1st period - Anze Kopitar wins face-off versus Matt Cullen in Bruins zone.
3:58 of 1st period - Slapshot by Anze Kopitar.
3:58 of 1st period - Stopped by Tuukka Rask without a rebound.
3:59 of 1st period - Vladislav Namestnikov wins face-off versus Anze Kopitar in Kings zone.
4:24 of 1st period - Snap shot by Marian Hossa.
4:24 of 1st period - Stopped by Tuukka Rask without a rebound.
4:25 of 1st period - Matt Cullen wins face-off versus Zemgus Girgensons in Kings zone.
4:54 of 1st period - Zemgus Girgensons is hit by Brenden Morrow and loses puck.
5:15 of 1st period - Wrist shot by Milan Lucic.
5:15 of 1st period - Shot Misses the Net.
5:17 of 1st period - Snap shot by Mika Zibanejad.
5:17 of 1st period - Deflect By Tyler Seguin.
5:17 of 1st period - Shot Blocked by Brenden Dillon.
5:17 of 1st period - Puck is out of play.
5:18 of 1st period - Tyler Seguin wins face-off versus Anze Kopitar in Bruins zone.
7:06 of 1st period - Backhand shot by Tommy Wingels.
7:06 of 1st period - Shot Misses the Net.
7:16 of 1st period - Jesse Winchester is hit by Matt Cullen and loses puck.
7:39 of 1st period - Slapshot by Keith Yandle.
7:39 of 1st period - Shot Blocked by Jonas Brodin.
7:47 of 1st period - Snap shot by Anze Kopitar.
7:47 of 1st period - Stopped by Tuukka Rask with a rebound.
7:49 of 1st period - Snap shot by Jonas Brodin.
7:49 of 1st period - Stopped by Tuukka Rask with a rebound.
7:51 of 1st period - Wrist shot by Anze Kopitar.
7:51 of 1st period - Goal by Anze Kopitar - Kings : 1 - Bruins : 1.
7:52 of 1st period - Tyler Seguin wins face-off versus Paul Stastny in neutral zone.
8:55 of 1st period - Wrist shot by Carl Soderberg.
8:55 of 1st period - Shot Hit the Post.
8:57 of 1st period - Snap shot by Ryan Johansen.
8:57 of 1st period - Shot Blocked by Shea Weber.
9:03 of 1st period - Slapshot by Keith Yandle.
9:03 of 1st period - Stopped by Jonathan Quick with a rebound.
9:05 of 1st period - Slapshot by Carl Soderberg.
9:05 of 1st period - Stopped by Jonathan Quick without a rebound.
9:06 of 1st period - Zemgus Girgensons wins face-off versus Matt Cullen in Bruins zone.
9:21 of 1st period - Backhand shot by Tommy Wingels.
9:21 of 1st period - Shot Misses the Net.
9:23 of 1st period - Snap shot by Ryan Smyth.
9:23 of 1st period - Stopped by Tuukka Rask without a rebound.
9:24 of 1st period - Zemgus Girgensons wins face-off versus Matt Cullen in Kings zone.
9:41 of 1st period - John Erskine is hit by Radko Gudas.
10:11 of 1st period - Anze Kopitar is hit by John Erskine and loses puck.
11:00 of 1st period - Snap shot by T.J. Oshie.
11:00 of 1st period - Shot Misses the Net.
11:02 of 1st period - Slapshot by Brenden Dillon.
11:02 of 1st period - Stopped by Tuukka Rask without a rebound.
11:03 of 1st period - Jesse Winchester wins face-off versus Ryan Johansen in Kings zone.
11:15 of 1st period - Minor Penalty to Shea Weber for Slashing.
11:16 of 1st period - Ryan Johansen wins face-off versus Zemgus Girgensons in Bruins zone.
11:41 of 1st period - Minor Penalty to Radko Gudas for Diving.
11:42 of 1st period - Tyler Seguin wins face-off versus Zemgus Girgensons in Bruins zone.
11:54 of 1st period - Slapshot by Jonas Brodin.
11:54 of 1st period - Shot Misses the Net.
11:56 of 1st period - Slapshot by Jonas Brodin.
11:56 of 1st period - Shot Misses the Net.
11:58 of 1st period - Wrist shot by Zemgus Girgensons.
11:58 of 1st period - Shot Misses the Net.
12:00 of 1st period - Snap shot by Brenden Dillon.
12:00 of 1st period - Shot Blocked by Tyler Seguin.
12:31 of 1st period - Slapshot by Ryan Johansen.
12:31 of 1st period - Deflect By Carl Soderberg.
12:31 of 1st period - Shot Misses the Net.
12:31 of 1st period - Puck is out of play.
12:32 of 1st period - Ryan Johansen wins face-off versus Zemgus Girgensons in Bruins zone.
12:37 of 1st period - Snap shot by Carl Soderberg.
12:37 of 1st period - Stopped by Jonathan Quick without a rebound.
12:38 of 1st period - Zemgus Girgensons wins face-off versus Ryan Johansen in Bruins zone.
13:10 of 1st period - Jeff Petry is hit by Ryan Johansen and loses puck.
13:15 of 1st period - Penalty to Shea Weber is over, Shea Weber is back on ice.
13:41 of 1st period - Penalty to Radko Gudas is over, Radko Gudas is back on ice.
15:15 of 1st period - Henrik Tallinder is hit by Anze Kopitar and loses puck.
15:26 of 1st period - Slapshot by John Erskine.
15:26 of 1st period - Shot Blocked by Marian Hossa.
15:28 of 1st period - Slapshot by Tomas Kopecky.
15:28 of 1st period - Stopped by Jonathan Quick with a rebound.
15:32 of 1st period - Snap shot by Carl Soderberg.
15:32 of 1st period - Stopped by Jonathan Quick with a rebound.
15:34 of 1st period - Wrist shot by Tomas Kopecky.
15:34 of 1st period - Stopped by Jonathan Quick with a rebound.
15:36 of 1st period - Slapshot by Keith Yandle.
15:36 of 1st period - Shot Blocked by Marian Hossa.
15:38 of 1st period - Wrist shot by Ladislav Smid.
15:38 of 1st period - Shot Blocked by Jeff Petry.
15:40 of 1st period - Wrist shot by Ryan Johansen.
15:40 of 1st period - Stopped by Jonathan Quick with a rebound.
16:11 of 1st period - Slapshot by Ryan O'Reilly.
16:11 of 1st period - Shot Blocked by Keith Yandle.
16:13 of 1st period - Slapshot by Radko Gudas.
16:13 of 1st period - Deflect By T.J. Oshie.
16:13 of 1st period - Stopped by Tuukka Rask with a rebound.
16:25 of 1st period - Snap shot by T.J. Oshie.
16:25 of 1st period - Stopped by Tuukka Rask without a rebound.
16:26 of 1st period - Matt Cullen wins face-off versus Jesse Winchester in Kings zone.
16:39 of 1st period - Matt Cullen is hit by Tommy Wingels and loses puck.
16:52 of 1st period - Minor Penalty to Brenden Dillon for Cross-checking.
16:53 of 1st period - Zemgus Girgensons wins face-off versus Carl Soderberg in Bruins zone.
17:06 of 1st period - Backhand shot by Zemgus Girgensons.
17:06 of 1st period - Shot Misses the Net.
17:08 of 1st period - Slapshot by Jonas Brodin.
17:08 of 1st period - Shot Misses the Net.
17:56 of 1st period - Jonas Brodin is hit by Milan Lucic.
18:23 of 1st period - Ryan Smyth is hit by Milan Lucic and loses puck.
18:52 of 1st period - Penalty to Brenden Dillon is over, Brenden Dillon is back on ice.
18:53 of 1st period - Slapshot by Paul Stastny.
18:53 of 1st period - Shot Blocked by Keith Yandle.
19:05 of 1st period - Slapshot by Ryan O'Reilly.
19:05 of 1st period - Stopped by Tuukka Rask with a rebound.
19:07 of 1st period - Slapshot by Jeff Petry.
19:07 of 1st period - Shot Blocked by Brandon McMillan.
19:13 of 1st period - Wrist shot by Ryan O'Reilly.
19:13 of 1st period - Stopped by Tuukka Rask with a rebound.
19:15 of 1st period - Wrist shot by Ryan O'Reilly.
19:15 of 1st period - Stopped by Tuukka Rask with a rebound.
19:17 of 1st period - Slapshot by Jeff Petry.
19:17 of 1st period - Stopped by Tuukka Rask without a rebound.
19:18 of 1st period - Paul Stastny wins face-off versus Brenden Morrow in Kings zone.
Goals for this period are 1 for Kings vs 1 for Bruins.
Shots for this period are 9 for Kings vs 14 for Bruins.

2nd period


0:01 of 2nd period - Tyler Seguin wins face-off versus Marian Hossa in neutral zone.
0:36 of 2nd period - Wrist shot by Anze Kopitar.
0:36 of 2nd period - Shot Blocked by Duncan Keith.
1:36 of 2nd period - Andre Benoit is hit by Duncan Keith and loses puck.
2:02 of 2nd period - Wrist shot by Paul Stastny.
2:02 of 2nd period - Stopped by Tuukka Rask without a rebound.
2:03 of 2nd period - Vladislav Namestnikov wins face-off versus Matt Duchene in Kings zone.
2:08 of 2nd period - Slapshot by Keith Yandle.
2:08 of 2nd period - Shot Blocked by Shea Weber.
2:20 of 2nd period - Snap shot by Matt Duchene.
2:20 of 2nd period - Shot Misses the Net.
2:28 of 2nd period - Snap shot by Anze Kopitar.
2:28 of 2nd period - Shot Misses the Net.
2:30 of 2nd period - Slapshot by Shea Weber.
2:30 of 2nd period - Stopped by Tuukka Rask with a rebound.
2:56 of 2nd period - Henrik Tallinder is hit by Shea Weber and loses puck.
3:42 of 2nd period - Snap shot by Matt Cullen.
3:42 of 2nd period - Shot Blocked by Valeri Nichushkin.
3:50 of 2nd period - John Erskine is hit by Shea Weber and loses puck.
4:17 of 2nd period - Snap shot by Ryan O'Reilly.
4:17 of 2nd period - Stopped by Tuukka Rask with a rebound.
4:19 of 2nd period - Wrist shot by Paul Stastny.
4:19 of 2nd period - Shot Misses the Net.
4:21 of 2nd period - Slapshot by Ryan O'Reilly.
4:21 of 2nd period - Stopped by Tuukka Rask without a rebound.
4:22 of 2nd period - Tyler Seguin wins face-off versus Anze Kopitar in Kings zone.
4:49 of 2nd period - Slapshot by Keith Yandle.
4:49 of 2nd period - Shot Blocked by Radko Gudas.
4:51 of 2nd period - Slapshot by Ladislav Smid.
4:51 of 2nd period - Shot Misses the Net.
5:36 of 2nd period - Snap shot by Paul Stastny.
5:36 of 2nd period - Stopped by Tuukka Rask without a rebound.
5:37 of 2nd period - Vladislav Namestnikov wins face-off versus Zemgus Girgensons in Kings zone.
5:50 of 2nd period - Slapshot by Duncan Keith.
5:50 of 2nd period - Shot Misses the Net.
6:47 of 2nd period - Backhand shot by Carl Soderberg.
6:47 of 2nd period - Stopped by Jonathan Quick with a rebound.
6:49 of 2nd period - Snap shot by Ladislav Smid.
6:49 of 2nd period - Stopped by Jonathan Quick without a rebound.
6:50 of 2nd period - Ryan Johansen wins face-off versus Zemgus Girgensons in Bruins zone.
6:51 of 2nd period - Slapshot by Keith Yandle.
6:51 of 2nd period - Shot Misses the Net.
8:53 of 2nd period - Wrist shot by Matt Duchene.
8:53 of 2nd period - Shot Blocked by John Erskine.
8:55 of 2nd period - Slapshot by Brenden Dillon.
8:55 of 2nd period - Shot Blocked by John Erskine.
9:40 of 2nd period - Snap shot by Ryan Smyth.
9:40 of 2nd period - Stopped by Tuukka Rask without a rebound.
9:41 of 2nd period - Zemgus Girgensons wins face-off versus Matt Cullen in Kings zone.
9:55 of 2nd period - Off-side.
9:56 of 2nd period - Anze Kopitar wins face-off versus Brandon McMillan in neutral zone.
10:56 of 2nd period - Slapshot by Milan Lucic.
10:56 of 2nd period - Shot Misses the Net.
10:58 of 2nd period - Wrist shot by Milan Lucic.
10:58 of 2nd period - Stopped by Jonathan Quick without a rebound.
10:59 of 2nd period - Zemgus Girgensons wins face-off versus Ryan Malone in Bruins zone.
11:20 of 2nd period - Snap shot by Keith Yandle.
11:20 of 2nd period - Shot Blocked by Tommy Wingels.
12:09 of 2nd period - Tyler Seguin is hit by Anze Kopitar and loses puck.
12:15 of 2nd period - Icing by Adam McQuaid.
12:16 of 2nd period - Anze Kopitar wins face-off versus Tyler Seguin in Kings zone.
12:37 of 2nd period - Duncan Keith is hit by Radko Gudas and loses puck.
12:50 of 2nd period - T.J. Oshie is hit by Carl Soderberg and loses puck.
13:19 of 2nd period - Slapshot by Shea Weber.
13:19 of 2nd period - Deflect By Zemgus Girgensons.
13:19 of 2nd period - Stopped by Tuukka Rask without a rebound.
13:20 of 2nd period - Matt Cullen wins face-off versus Ryan Smyth in Kings zone.
13:37 of 2nd period - Slapshot by Keith Yandle.
13:37 of 2nd period - Stopped by Jonathan Quick with a rebound.
13:39 of 2nd period - Backhand shot by Ladislav Smid.
13:39 of 2nd period - Shot Blocked by Andre Benoit.
14:17 of 2nd period - Anze Kopitar is hit by Milan Lucic and loses puck.
14:56 of 2nd period - Wrist shot by Carl Soderberg.
14:56 of 2nd period - Stopped by Jonathan Quick with a rebound.
15:17 of 2nd period - Icing by Duncan Keith.
15:18 of 2nd period - Matt Cullen wins face-off versus Jesse Winchester in Kings zone.
15:48 of 2nd period - Shea Weber is hit by Milan Lucic and loses puck.
16:11 of 2nd period - Jeff Petry is hit by Ryan Johansen and loses puck.
16:26 of 2nd period - Ryan Johansen is hit by Shea Weber.
17:08 of 2nd period - Henrik Tallinder is hit by Jeff Petry and loses puck.
17:20 of 2nd period - Paul Stastny is hit by Tyler Seguin and loses puck.
18:32 of 2nd period - Wrist shot by Ladislav Smid.
18:32 of 2nd period - Shot Misses the Net.
18:34 of 2nd period - Slapshot by Ladislav Smid.
18:34 of 2nd period - Deflect By Tommy Wingels.
18:34 of 2nd period - Stopped by Jonathan Quick with a rebound.
18:47 of 2nd period - Cam Fowler is hit by Tommy Wingels and loses puck.
Goals for this period are 0 for Kings vs 0 for Bruins.
Shots for this period are 6 for Kings vs 7 for Bruins.

3rd period


0:01 of 3rd period - Anze Kopitar wins face-off versus Milan Lucic in neutral zone.
0:08 of 3rd period - Wrist shot by Anze Kopitar.
0:08 of 3rd period - Goal by Anze Kopitar - Kings : 1 - Bruins : 2.
0:09 of 3rd period - Tyler Seguin wins face-off versus Anze Kopitar in neutral zone.
0:22 of 3rd period - Snap shot by Mika Zibanejad.
0:22 of 3rd period - Shot Misses the Net.
0:58 of 3rd period - Snap shot by Ryan Smyth.
0:58 of 3rd period - Stopped by Tuukka Rask with a rebound.
1:00 of 3rd period - Slapshot by Shea Weber.
1:00 of 3rd period - Stopped by Tuukka Rask without a rebound.
1:01 of 3rd period - Ryan Johansen wins face-off versus Zemgus Girgensons in Kings zone.
1:19 of 3rd period - Wrist shot by Ryan Smyth.
1:19 of 3rd period - Stopped by Tuukka Rask with a rebound.
1:21 of 3rd period - Wrist shot by Brenden Dillon.
1:21 of 3rd period - Shot Blocked by Keith Yandle.
1:59 of 3rd period - Radko Gudas is hit by Brenden Morrow and loses puck.
2:04 of 3rd period - Wrist shot by Duncan Keith.
2:04 of 3rd period - Shot Blocked by Radko Gudas.
2:06 of 3rd period - Slapshot by Matt Cullen.
2:06 of 3rd period - Stopped by Jonathan Quick with a rebound.
2:08 of 3rd period - Snap shot by Matt Cullen.
2:08 of 3rd period - Shot Misses the Net.
2:10 of 3rd period - Wrist shot by Adam McQuaid.
2:10 of 3rd period - Stopped by Jonathan Quick with a rebound.
2:12 of 3rd period - Snap shot by Brenden Morrow.
2:12 of 3rd period - Stopped by Jonathan Quick without a rebound.
2:13 of 3rd period - Vladislav Namestnikov wins face-off versus Anze Kopitar in Bruins zone.
3:29 of 3rd period - Shea Weber is hit by John Erskine and loses puck.
3:57 of 3rd period - Wrist shot by Ryan Johansen.
3:57 of 3rd period - Shot Misses the Net.
3:59 of 3rd period - Backhand shot by Ladislav Smid.
3:59 of 3rd period - Deflect By Tommy Wingels.
3:59 of 3rd period - Stopped by Jonathan Quick with a rebound.
4:01 of 3rd period - Wrist shot by Ladislav Smid.
4:01 of 3rd period - Deflect By Jeff Petry.
4:01 of 3rd period - Stopped by Jonathan Quick with a rebound.
4:03 of 3rd period - Snap shot by Tomas Kopecky.
4:03 of 3rd period - Shot Blocked by Tommy Wingels.
4:05 of 3rd period - Slapshot by Ladislav Smid.
4:05 of 3rd period - Shot Misses the Net.
4:07 of 3rd period - Slapshot by Ladislav Smid.
4:07 of 3rd period - Deflect By Carl Soderberg.
4:07 of 3rd period - Stopped by Jonathan Quick with a rebound.
4:09 of 3rd period - Slapshot by Ladislav Smid.
4:09 of 3rd period - Stopped by Jonathan Quick without a rebound.
4:10 of 3rd period - Anze Kopitar wins face-off versus Tyler Seguin in Bruins zone.
5:08 of 3rd period - Wrist shot by Tommy Wingels.
5:08 of 3rd period - Shot Misses the Net.
5:10 of 3rd period - Slapshot by Andre Benoit.
5:10 of 3rd period - Stopped by Tuukka Rask without a rebound.
5:11 of 3rd period - Matt Cullen wins face-off versus Paul Stastny in Kings zone.
5:24 of 3rd period - Slapshot by Duncan Keith.
5:24 of 3rd period - Shot Misses the Net.
5:42 of 3rd period - Slapshot by Matt Cullen.
5:42 of 3rd period - Shot Misses the Net.
6:05 of 3rd period - Radko Gudas is hit by Ryan Johansen and loses puck.
6:31 of 3rd period - Snap shot by Matt Duchene.
6:31 of 3rd period - Stopped by Tuukka Rask with a rebound.
6:33 of 3rd period - Snap shot by Brenden Dillon.
6:33 of 3rd period - Stopped by Tuukka Rask without a rebound.
6:34 of 3rd period - Zemgus Girgensons wins face-off versus Tyler Seguin in Kings zone.
6:57 of 3rd period - Wrist shot by Ryan Smyth.
6:57 of 3rd period - Stopped by Tuukka Rask with a rebound.
7:18 of 3rd period - Off-side.
7:19 of 3rd period - Matt Cullen wins face-off versus Anze Kopitar in neutral zone.
7:22 of 3rd period - Marian Hossa is hit by Brandon McMillan and loses puck.
8:33 of 3rd period - Andre Benoit is hit by Matt Cullen and loses puck.
8:55 of 3rd period - Snap shot by Ryan Johansen.
8:55 of 3rd period - Stopped by Jonathan Quick with a rebound.
8:57 of 3rd period - Slapshot by Ryan Johansen.
8:57 of 3rd period - Stopped by Jonathan Quick without a rebound.
8:57 of 3rd period - Minor Penalty to Jonathan Quick for Slashing.
8:58 of 3rd period - Zemgus Girgensons wins face-off versus Tyler Seguin in Bruins zone.
8:58 of 3rd period - Zemgus Girgensons is hit by Milan Lucic.
9:23 of 3rd period - Snap shot by Keith Yandle.
9:23 of 3rd period - Shot Blocked by Jonas Brodin.
9:53 of 3rd period - Jeff Petry is hit by Duncan Keith and loses puck.
10:38 of 3rd period - Jonas Brodin is hit by Milan Lucic and loses puck.
10:57 of 3rd period - Penalty to Radko Gudas is over, Radko Gudas is back on ice.
11:13 of 3rd period - Marian Hossa is hit by Vladislav Namestnikov.
12:26 of 3rd period - Minor Penalty to Ryan Johansen for Slashing.
12:27 of 3rd period - Matt Cullen wins face-off versus Anze Kopitar in Kings zone.
12:43 of 3rd period - Snap shot by Milan Lucic.
12:43 of 3rd period - Stopped by Jonathan Quick without a rebound.
12:44 of 3rd period - Matt Cullen wins face-off versus Anze Kopitar in Bruins zone.
12:55 of 3rd period - Snap shot by Milan Lucic.
12:55 of 3rd period - Stopped by Jonathan Quick with a rebound.
14:26 of 3rd period - Penalty to Ryan Johansen is over, Ryan Johansen is back on ice.
15:23 of 3rd period - Snap shot by Valeri Nichushkin.
15:23 of 3rd period - Shot Blocked by Cam Fowler.
15:29 of 3rd period - Wrist shot by Valeri Nichushkin.
15:29 of 3rd period - Stopped by Tuukka Rask without a rebound.
15:30 of 3rd period - Vladislav Namestnikov wins face-off versus Paul Stastny in Kings zone.
15:39 of 3rd period - Snap shot by Duncan Keith.
15:39 of 3rd period - Shot Misses the Net.
16:36 of 3rd period - Wrist shot by Valeri Nichushkin.
16:36 of 3rd period - Stopped by Tuukka Rask without a rebound.
16:37 of 3rd period - Tyler Seguin wins face-off versus Zemgus Girgensons in Kings zone.
17:30 of 3rd period - Backhand shot by Keith Yandle.
17:30 of 3rd period - Shot Misses the Net.
18:14 of 3rd period - Minor Penalty to Jesse Winchester for Roughing.
18:15 of 3rd period - Ryan Johansen wins face-off versus Zemgus Girgensons in Bruins zone.
18:19 of 3rd period - Slapshot by Keith Yandle.
18:19 of 3rd period - Shot Hit the Post.
19:09 of 3rd period - Kings, Tuukka Rask is pulled from the net.
19:33 of 3rd period - Radko Gudas is hit by Mika Zibanejad and loses puck.
Goals for this period are 0 for Kings vs 1 for Bruins.
Shots for this period are 11 for Kings vs 10 for Bruins.


Output by the SimonT Hockey Simulator (STHS) for Eric Dolegowski -- Original Page W3C XHTML 1.0 Valid
Hockey Simulator - Hockey Simulation - Hockey Manager